 Dungeon Crawl Stone Soup version 0.24.0-125-gc4c63601f3 (webtiles) character file.

Game seed: 14792700824229624132, levelgen mode: deterministic

10867 daewoong the Tainter (level 11, -3/70 HPs)
             Began as an Octopode Venom Mage on Mar 18, 2020.
             Was an Elder of Fedhas.
             Slain by an ice devil (10 damage)
             ... on level 11 of the Dungeon.
             The game lasted 00:55:33 (13320 turns).

daewoong the Tainter (Octopode Venom Mage)         Turns: 13320, Time: 00:55:36

Health: -3/70      AC:  7    Str: 13    XL:     11   Next: 68%
Magic:  23/23      EV: 15    Int: 17    God:    Fedhas [****..]
Gold:   239        SH: 15    Dex: 22    Spells: 12/27 levels left

rFire    + + .     SeeInvis .   E - +7 hand axe of Cuown {freeze, rPois rF+ Str+3}
rCold    . . .     Gourm    .   S - +1 large shield
rNeg     + . .     Faith    .   F - +2 hat
rPois    +         Spirit   .   A - amulet of the Four Winds {rN+ MR+++ Clar}
rElec    .         Reflect  .   m - +4 ring of dexterity
rCorr    .         Harm     .   a - +2 ring of strength
MR       +++..     Clarity  +   J - ring of protection from fire
Stlth    ++++......             (no ring)
HPRegen  0.21/turn              (no ring)
MPRegen  0.18/turn              (no ring)
                                (no ring)
                                (no ring)

@: no status effects
A: almost no armour, stealthy swim, amphibious, 8 rings, constrict 8, slimy
green scales 1, yellow scales 1, camouflage 1, agile 1, gelatinous body 1
a: Wall of Briars, Grow Ballistomycete, Overgrow, Renounce Religion


You were on level 11 of the Dungeon.
You worshipped Fedhas.
Fedhas was greatly pleased with you.
You were not hungry.

You visited 2 branches of the dungeon, and saw 12 of its levels.
You also visited: Ossuary and Bailey.

You collected 1017 gold pieces.
You spent 778 gold pieces at shops.

Inventory:

Hand Weapons
 e - a +1 broad axe
 C - a +2 falchion of holy wrath
 E - the +7 hand axe of Cuown (weapon) {freeze, rPois rF+ Str+3}
   (You found it on level 7 of the Dungeon)

   It has been specially enchanted to freeze those struck by it, causing extra
   injury to most foes and up to half again as much damage against particularly
   susceptible opponents.
   It can also slow down cold-blooded creatures.
   It affects your strength (+3).
   It protects you from fire.
   It protects you from poison.
 O - a +1 trident of protection
Missiles
 o - a throwing net
 t - a boomerang (quivered)
 x - 8 atropa-tipped darts
 z - 56 poisoned darts
 G - 8 curare-tipped darts
 H - 7 javelins
Armour
 D - a +0 buckler
 F - a +2 hat (worn)
 S - a +1 large shield (worn)
Magical Staves
 h - an uncursed staff of power
Jewellery
 a - a +2 ring of strength (right tentacle)
 m - a +4 ring of dexterity (left tentacle)
 A - the amulet of the Four Winds (around mantle) {rN+ MR+++ Clar}
   (You bought it in a shop on level 10 of the Dungeon)

   [amulet of nothing]

   It protects you from negative energy.
   It affects your resistance to hostile enchantments.
   It protects you against confusion.
 B - a +3 amulet of reflection
 J - a ring of protection from fire (on tentacle)
Wands
 c - a wand of flame (20)
 r - a wand of iceblast (7)
 y - a wand of scattershot (4)
 L - a wand of acid (16)
 N - a wand of random effects (22)
Scrolls
 d - 2 scrolls of remove curse
 f - 3 scrolls of amnesia
 g - 5 scrolls of fear
 i - 2 scrolls of enchant weapon
 j - 7 scrolls of teleportation
 n - a scroll of identify
 w - 2 scrolls of enchant armour
 I - 3 scrolls of magic mapping
 M - a scroll of immolation
Potions
 k - 4 potions of agility
 l - 2 potions of lignification
 p - 6 potions of flight
 q - 2 potions of ambrosia
 s - 2 potions of might
 u - a potion of brilliance
 v - 3 potions of haste
 K - 3 potions of curing
 P - 5 potions of heal wounds
Comestibles
 b - 24 rations
 Q - 6 chunks of flesh


   Skills:
 - Level 4.6 Fighting
   Level 0.2 Short Blades
 - Level 5.2 Axes
 - Level 1.0 Throwing
 - Level 6.6 Dodging
 - Level 3.1 Stealth
 - Level 4.6 Shields
 - Level 8.7 Spellcasting
 - Level 1.3 Conjurations
 - Level 1.7 Hexes
 - Level 0.1 Fire Magic
 - Level 5.0 Air Magic
 - Level 10.7 Poison Magic
 + Level 4.6 Invocations
 - Level 0.6 Evocations


You had 12 spell levels left.
You knew the following spells:

 Your Spells              Type           Power        Failure   Level  Hunger
b - Poisonous Vapours     Pois/Air       ####..       8%          2    None
c - Olgreb's Toxic Radia  Pois           #####...     16%         4    ###....
d - Mephitic Cloud        Conj/Pois/Air  ####....     36%         3    #......
e - Confuse               Hex            ##......     89%         3    #......
f - Inner Flame           Hex/Fire       ##......     95%         3    #......

Your spell library contained the following spells:

 Spells                   Type           Power        Failure   Level  Hunger
 Sting                    Conj/Pois      ####         12%         1    None
 Confusing Touch          Hex            ##....       54%         1    None
 Corona                   Hex            ##.....      54%         1    None
 Slow                     Hex            ##......     69%         2    None
 Portal Projectile        Hex/Tloc       ##....       96%         3    #......
 Venom Bolt               Conj/Pois      ####......   97%         5    #####..
 Gell's Gravitas          Tloc           #.........   99%         3    #......
 Cause Fear               Hex            ##........   100%        4    ###....
 Leda's Liquefaction      Hex/Erth       ##........   100%        4    ###....
 Petrify                  Tmut/Erth      #.......     100%        4    ###....
 Metabolic Englaciation   Hex/Ice        ##........   100%        5    #####..
 Yara's Violent Unravell  Hex/Tmut       ##........   100%        5    #####..


Dungeon Overview and Level Annotations

Branches:
Dungeon (11/15)            Temple (1/1) D:5            Lair (0/6) D:9
    Orc (0/2) D:10        Ossuary (visited)          Bailey (visited)

Altars:
Ashenzari
Cheibriados
Dithmenos
Elyvilon
Fedhas
Gozag
Hepliaklqana
Kikubaaqudgha
Makhleb
Nemelex Xobeh
Okawaru
Qazlal
Ru
Sif Muna
Trog
Uskayaw
Vehumet
Wu Jian
Xom
Yredelemnul
Zin
The Shining One
Lugonu

Shops:
D:7 [   D:8 *   D:9 *   D:10 ===[

Annotations:
D:4 exclusion: 2 wights
D:9 exclusion: downstairs


Innate Abilities, Weirdness & Mutations

You cannot wear most types of armour.
You are very stealthy in the water. (Stealth+)
You are amphibious.
You can wear up to eight rings at the same time.
You can use your tentacles to constrict eight enemies at once.
Your skin changes colour to match your surroundings (Stealth+).
Your rubbery body absorbs attacks. (AC +1, EV +1)
You are partially covered in slimy green scales. (AC +2)
You are partially covered in yellow scales. (AC +2)
You are agile. (Dex +2)


Message History

The burst of metal fragments hits the ice devil but does no damage.
The ice devil is heavily wounded.
You hit the ice devil but do no damage. You grab the ice devil.
The ice devil is heavily wounded.
You constrict the ice devil. The ice devil hits you!
The ice devil freezes you!!
Unknown command.
You completely miss the ice devil. You grab the ice devil.
You squeeze the ice devil, but do no damage.
The ice devil is severely wounded.
You hit the ice devil.
You constrict the ice devil, but do no damage. x2
You block the ice devil's attack. The ice devil hits you!
The ice devil freezes you!!
* * * LOW HITPOINT WARNING * * *
You block the ice devil's attack. The ice devil hits you.
* * * LOW HITPOINT WARNING * * *
The ice devil freezes you!
You die...
Fedhas appreciates your contribution to the ecosystem.

,,*** #........##.......#
,,+,* #.........#...^...#
,,*,#######.................#
***,......'........##.......#
,,**#######...÷....##.......#
*,..# ######'######....##
**#.# #######.# *####.#* #.#
#.......# **#......#
###.######.##).4@# #........#
......##...###+#4# #.#....(.#
.......#...# *,..# *,#......#
......>#...# *#.## *,#..9...#
......÷....#**#.****,#......#
....^.##...#*,..,,**,#......#
########...#*,..,,****,,,,,,*
#####*...,,* *,,,,,,* *,,∩,,*
********


You could see 2 ice devils.

Vanquished Creatures
  Erolcha (D:10)
  A two-headed ogre (D:6)
  An orc knight (Bailey)
  2 orc sorcerers (Bailey)
  2 hornets (D:8)
  2 trolls (D:10)
  A hippogriff (D:7)
  A wyvern (D:10)
  4 yaks (D:10)
  A hungry ghost (D:10)
  A soldier ant (D:8)
  Duvessa (D:7)
  3 sky beasts
  11 orc warriors
  A phantom (D:10)
  3 black bears
  5 ice beasts
  A necrophage (D:7)
  4 centaurs
  7 ogres
  Blork the orc (D:4)
  A big kobold (D:8)
  4 bullfrogs
  Dowan (D:7)
  A wyvern skeleton (D:9)
  6 killer bees (D:7)
  2 scorpions (D:9)
  11 howler monkeys
  5 electric eels (Bailey)
  A bullfrog zombie (D:7)
  7 crimson imps
  6 hounds
  2 quasits
  2 jellies
  A centaur skeleton (D:7)
  5 orc priests
  4 orc wizards
  Ijyb (D:3)
  3 iguanas (D:10)
  7 worker ants
  A big kobold zombie (Ossuary)
  A hound skeleton (D:10)
  8 mummies (Ossuary)
  A worker ant zombie (D:11)
  6 gnolls
  18 adders
  A worm zombie (D:8)
  4 worms
  2 dart slugs
  4 leopard geckos
  32 orcs
  A ball python (D:4)
  7 giant cockroaches
  2 gnoll zombies (Ossuary)
  15 goblins
  20 hobgoblins
  2 jackals (D:9)
  3 quokkas
  7 bats
  2 frilled lizards (D:2)
  A giant cockroach zombie (D:6)
  3 hobgoblin zombies (Ossuary)
  15 kobolds
  2 leopard gecko skeletons
  2 orc zombies
  A quokka skeleton (D:5)
  A quokka zombie (D:5)
  3 rats
289 creatures vanquished.

Vanquished Creatures (collateral kills)
  A kobold zombie (Ossuary)
1 creature vanquished.

Grand Total: 290 creatures vanquished

Notes
Turn   | Place    | Note
-------+----------+-------------------------------------------
     0 | D:1      | daewoong the Octopode Venom Mage began the quest for the
                  | Orb.
     0 | D:1      | Reached XP level 1. HP: 11/11 MP: 3/3
   374 | D:1      | Reached XP level 2. HP: 17/17 MP: 1/5
   527 | D:1      | Reached skill level 4 in Poison Magic
   601 | D:1      | Learned a level 2 spell: Poisonous Vapours
   906 | D:1      | Reached XP level 3. HP: 17/21 MP: 6/6
  1551 | D:2      | Found a shadowy altar of Dithmenos.
  1739 | D:2      | Reached XP level 4. HP: 27/27 MP: 7/7
  2729 | D:3      | Found a glowing golden altar of the Shining One.
  2797 | D:3      | Noticed Ijyb
  2821 | D:3      | HP: 1/27 [Ijyb/+1 dagger of speed (5)]
  2845 | D:3      | Found a bloodstained altar of Trog.
  2933 | D:3      | Found a glowing drain.
  3275 | D:3      | Reached skill level 1 in Fighting
  3282 | D:3      | Reached skill level 1 in Air Magic
  3282 | D:3      | Reached XP level 5. HP: 24/33 MP: 3/9
  3307 | D:3      | Killed Ijyb
  3393 | D:3      | Learned a level 4 spell: Olgreb's Toxic Radiance
  3615 | D:3      | Found a snail-covered altar of Cheibriados.
  3768 | D:4      | Noticed an ogre
  3777 | D:4      | Killed an ogre
  3777 | D:4      | Reached skill level 5 in Poison Magic
  3777 | D:4      | Reached XP level 6. HP: 39/39 MP: 2/10
  3872 | D:4      | Noticed Blork the orc
  3920 | D:4      | Killed Blork the orc
  4038 | D:4      | Found a glowing silver altar of Zin.
  4038 | D:4      | Found an ornate altar of the Wu Jian Council.
  4272 | D:4      | Found a hide-covered altar of Uskayaw.
  4311 | D:4      | Reached XP level 7. HP: 45/45 MP: 3/12
  4453 | D:4      | Found an ancient bone altar of Kikubaaqudgha.
  5049 | D:5      | Entered Level 5 of the Dungeon
  5127 | D:5      | Reached skill level 6 in Poison Magic
  5384 | D:5      | Found a staircase to the Ecumenical Temple.
  5421 | Temple   | Entered the Ecumenical Temple
  5461 | Temple   | Became a worshipper of Fedhas Madash
  5662 | D:5      | Found a burning altar of Makhleb.
  5725 | D:5      | Reached XP level 8. HP: 35/51 MP: 5/15
  5928 | D:5      | Found a shattered altar of Ashenzari.
  5988 | D:6      | Noticed a two-headed ogre
  6004 | D:6      | Killed a two-headed ogre
  6004 | D:6      | Reached skill level 5 in Spellcasting
  6004 | D:6      | Reached skill level 7 in Poison Magic
  6145 | D:6      | Found a sacrificial altar of Ru.
  6162 | D:6      | Reached XP level 9. HP: 35/55 MP: 7/17
  6323 | D:6      | Reached * piety under Fedhas
  6353 | D:6      | Reached skill level 8 in Poison Magic
  6746 | D:6      | Reached skill level 5 in Dodging
  6832 | D:7      | Found a flagged portal.
  6834 | D:7      | Reached skill level 5 in Air Magic
  6891 | D:7      | Got a bloodstained hand axe
  6892 | D:7      | Identified the +7 hand axe of Cuown {freeze, rPois rF+
                  | Str+3} (You found it on level 7 of the Dungeon)
  6951 | D:7      | Learned a level 3 spell: Mephitic Cloud
  6952 | Bailey   | Entered a bailey
  7764 | Bailey   | Reached skill level 1 in Axes
  7764 | Bailey   | Reached skill level 1 in Shields
  7790 | Bailey   | Found an iron altar of Okawaru.
  7790 | Bailey   | Noticed an orc sorcerer
  7790 | Bailey   | Noticed an orc sorcerer
  8059 | Bailey   | Noticed an orc knight
  8115 | Bailey   | Killed an orc knight
  8225 | Bailey   | Killed an orc sorcerer
  8225 | Bailey   | Reached skill level 9 in Poison Magic
  8225 | Bailey   | Reached XP level 10. HP: 61/61 MP: 2/20
  8253 | Bailey   | Reached ** piety under Fedhas
  8570 | Bailey   | Paralysed by an orc sorcerer for 4 turns
  8644 | Bailey   | Paralysed by an orc sorcerer for 2 turns
  8645 | Bailey   | Killed an orc sorcerer
  9340 | D:7      | Found a radiant altar of Vehumet.
  9370 | D:7      | Noticed Duvessa
  9381 | D:7      | Killed Duvessa
  9381 | D:7      | Reached skill level 1 in Invocations
  9385 | D:7      | Reached *** piety under Fedhas
  9548 | D:7      | Found Zochuxug's Antique Armour Emporium.
  9656 | D:7      | Noticed Dowan
  9663 | D:7      | Killed Dowan
  9778 | D:7      | Reached skill level 10 in Poison Magic
  9927 | D:8      | Found a blossoming altar of Fedhas.
  9927 | D:8      | Found a sand-covered staircase.
  9937 | Ossuary  | Entered an ossuary
  9942 | Ossuary  | Learned a level 3 spell: Confuse
 10136 | Ossuary  | Gained mutation: You are agile. (Dex +2) [potion of
                  | mutation]
 10136 | Ossuary  | Gained mutation: You are partially covered in yellow
                  | scales. (AC +2) [potion of mutation]
 10136 | Ossuary  | Gained mutation: You are partially covered in slimy green
                  | scales. (AC +2) [potion of mutation]
 10186 | D:8      | Found Ziari's Assorted Antiques.
 10466 | D:8      | Found a hazy altar of Hepliaklqana.
 10467 | D:8      | Found a shimmering altar of Xom.
 10467 | D:8      | Noticed a spectral ugly thing
 10468 | D:8      | Noticed a tentacled monstrosity
 10468 | D:8      | Noticed a tentacled monstrosity
 10573 | D:8      | Reached skill level 1 in Throwing
 10654 | D:8      | Reached skill level 1 in Hexes
 10803 | D:8      | Reached XP level 11. HP: 66/68 MP: 7/23
 11188 | D:9      | Found a staircase to the Lair.
 11356 | D:9      | Learned a level 3 spell: Inner Flame
 11383 | D:9      | Found Zudirus's Mass Market.
 11401 | D:9      | Bought a +0 large shield for 76 gold pieces
 11577 | D:9      | Reached **** piety under Fedhas
 11718 | D:10     | Entered Level 10 of the Dungeon
 11765 | D:10     | Found Agigh's Jewellery Shoppe.
 12095 | D:10     | Found Ikebb's Jewellery Emporium.
 12139 | D:10     | Noticed Erolcha
 12150 | D:10     | Killed Erolcha
 12555 | D:10     | Bought the amulet of the Four Winds {rN+ MR+++ Clar} for
                  | 702 gold pieces
 12555 | D:10     | Found the amulet of the Four Winds {rN+ MR+++ Clar}
 12559 | D:10     | Found Umyah's Antique Armour Shop.
 12619 | D:10     | Reached skill level 5 in Axes
 12666 | D:10     | Found Gyith's Jewellery Shop.
 12971 | D:10     | Found a staircase to the Orcish Mines.
 13320 | D:11     | Slain by an ice devil

Levels and vault maps discovered:
D:1:      minmay_arrival_arboretum_small, layout_loops_ring
D:2:      layout_basic, nicolae_dithmenos_through_a_glass_darkly, serial_forest,
          infiniplex_forest_lined_corner, infiniplex_forest_lined_3,
          infiniplex_forest_clump_medium, infiniplex_forest_clump_C,
          infiniplex_forest_straight_1, infiniplex_forest_lined_2,
          infiniplex_forest_clump_double
D:3:      layout_loops_ring, lemuel_doored_altar, marbit_many_paths,
          bloody_trog, portal_sewer_entry_e, first_ration,
          hangedman_abyss_or_decor_stabs, uniq_ijyb
D:4:      layout_loops_corners, nicolae_overflow_crystal_walls,
          eat_drink_and_be_merry_uskayaw, amethyst_overflow_temple_binary,
          cheibrodos_gnoll_hut, uniq_blork_the_orc
D:5:      layout_rooms, cheibrodos_ashenzari_chains, bloody_makhleb,
          minmay_temple_entry_glass, amethyst_killhole,
          hangedman_decor_slide_cut
D:6:      layout_rooms, lemuel_crystal_altar
D:7:      layout_cave_pools, vehumet_altar_wand_db, serial_shops, shop,
          enter_bailey_2, uniq_duvessa
D:8:      layout_rooms, regret_index_temple_of_mockery, basic_altar,
          enter_ossuary_3, serial_shops, shop, hangedman_pestilent_swarm,
          lemuel_flame_loot_1
D:9:      layout_roguey, lair_entry_dummy, minmay_shop_mass,
          minmay_statues_item, minmay_strange_pillars
D:10:     layout_basic, david_orc_4, serial_shops, shop, shop_statue,
          nicolae_shop_waterfront, shop, uniq_erolcha
D:11:     layout_roguey, portal_ice_cave_demonic_guard, serial_bayou_crossing
Temple:   corrupted_temple

Skill      XL: |  1  2  3  4  5  6  7  8  9 10 11 |
---------------+----------------------------------+-----
Stealth        | 3 |  3.1
Poison Magic   | 4 5 6 7 9 10 | 10.7
Fighting       | 1 2 3 4 |  4.6
Air Magic      | 1 2 3 4 5 |  5.0
Dodging        | 3 4 5 6 |  6.6
Spellcasting   | 3 4 5 7 8 |  8.7
Axes           | 2 4 5 |  5.2
Shields        | 2 3 4 |  4.6
Invocations    | 2 4 |  4.6
Throwing       | 1 |  1.0
Hexes          | 1 |  1.7
Short Blades   | |  0.2
Conjurations   | |  1.3
Fire Magic     | |  0.1
Evocations     | |  0.6

Action                   |  1- 3 |  4- 6 |  7- 9 | 10-12 || total
-------------------------+-------+-------+-------+-------++-------
Melee: Unarmed           |    17 |    16 |       |       ||    33
       Constrict         |    15 |    15 |    19 |    47 ||    96
       Tentacles         |     8 |    13 |    11 |    57 ||    89
       Dagger            |    49 |    61 |    19 |       ||   129
       Falchion          |       |       |    34 |       ||    34
       Staff             |       |       |     1 |       ||     1
       Hand axe          |       |       |       |   212 ||   212
Throw: Boomerang         |       |       |     5 |    14 ||    19
 Cast: Sting             |     6 |       |       |       ||     6
       Poisonous Vapours |     4 |    28 |    77 |   124 ||   233
       Olgreb's Toxic Ra |       |       |    18 |    36 ||    54
Invok: Wall of Briars    |       |       |       |     1 ||     1
Evoke: Wand              |       |       |     2 |    11 ||    13
  Use: Potion            |       |     4 |       |     1 ||     5
       Scroll            |       |     2 |     5 |    15 ||    22
 Stab: Sleeping          |    12 |     6 |     5 |     5 ||    28
       Distracted        |       |       |     2 |       ||     2
  Eat: Chunk             |     3 |     9 |    12 |    21 ||    45
       Ration            |       |       |     1 |       ||     1
Armor: Skin              |       |     5 |     3 |    17 ||    25
Dodge: Dodged            |    29 |    50 |    43 |    97 ||   219
Block: Other             |       |       |     5 |       ||     5
       Buckler           |       |       |     4 |    39 ||    43
       Reflection        |       |       |       |     2 ||     2
       Large shield      |       |       |       |    58 ||    58
       Rpst.: Falchion   |       |       |     5 |       ||     5
